 Dungeon Crawl Stone Soup version 0.27.1-34-g3ba077fa99 (webtiles) character file.

Game seed: 17779833804807419293

53 zeram the Sneak (level 3, -3/21 HPs)
             Began as an Octopode Enchanter on Jan 19, 2022.
             Slain by Ijyb (4 damage)
             ... on level 2 of the Dungeon.
             The game lasted 00:01:50 (1270 turns).

zeram the Sneak (Octopode Enchanter)                Turns: 1270, Time: 00:01:51

Health: -3/21      AC:  1    Str:  7    XL:     3   Next: 87%
Magic:  6/6        EV: 13    Int: 18    God:
Gold:   57         SH:  5    Dex: 12    Spells: 5/6 levels left

rFire    . . .     SeeInvis .   a - +1 dagger
rCold    . . .     Faith    .   (no shield)
rNeg     . . .     Spirit   .   (helmet restricted)
rPois    .         Reflect  +   b - amulet of reflection
rElec    .         Harm     .   (no ring)
rCorr    .         Rampage  .   (no ring)
Will     .....                  (no ring)
Stlth    +++.......             (no ring)
HPRegen  0.07/turn              (no ring)
MPRegen  0.10/turn              (no ring)
                                (no ring)
                                (no ring)

@: no status effects
A: almost no armour, amphibious, 8 rings, camouflage 1, gelatinous body 1,
(nimble swimmer 1), tentacles
a: no special abilities


You were on level 2 of the Dungeon.
You visited 1 branch of the dungeon, and saw 2 of its levels.

You collected 57 gold pieces.

Inventory:

Hand Weapons
 a - a +1 dagger (weapon)
Armour
 c - a +2 buckler
Jewellery
 b - an amulet of reflection (around mantle)


   Skills:
 + Level 1.6 Short Blades
 + Level 2.3 Dodging
 - Level 4.0 Stealth
 + Level 0.1 Shields
 + Level 2.4 Spellcasting
 + Level 3.9 Hexes


You had 5 spell levels left.
You knew the following spells:

 Your Spells              Type           Power      Damage    Failure   Level
a - Corona                Hex            17%        N/A       3%          1

Your spell library contained the following spells:

 Spells                   Type           Power      Damage    Failure   Level
 Confusing Touch          Hex            16%        N/A       11%         3
 Tukima's Dance           Hex            16%        N/A       11%         3
 Ensorcelled Hibernation  Hex/Ice        18%        N/A       12%         2
 Dazzling Flash           Conj/Hex       18%        N/A       24%         3


Dungeon Overview and Level Annotations

Branches:
Dungeon (1/15)

Altars:

Annotations:
D:2 Ijyb


Innate Abilities, Weirdness & Mutations

You cannot wear most types of armour.
You are amphibious.
You can wear up to eight rings at the same time.
Your skin changes colour to match your surroundings (Stealth+).
Your rubbery body absorbs attacks. (AC +1, EV +1)
((You are camouflaged near water. (Stealth+)))
You have tentacles for arms and can constrict up to eight enemies at once.


Message History

You hit Ijyb but do no damage.
The goblin hits you but does no damage. x2
Ijyb hits you but does no damage.
You hit Ijyb but do no damage. The goblin hits you but does no damage.
You block the goblin's attack. Ijyb hits you but does no damage.
You closely miss Ijyb.
Your transformation is almost over.
The goblin hits you but does no damage. x2; Ijyb zaps a wand.
You resist with significant effort.
You hit Ijyb but do no damage. The goblin hits you but does no damage.
You hit Ijyb but do no damage. The goblin hits you but does no damage.
Ijyb hits you but does no damage. The goblin hits you but does no damage.
You hit Ijyb but do no damage. The goblin hits you but does no damage.
Ijyb zaps a wand.
You resist with significant effort. The goblin hits you but does no damage.
You hit Ijyb but do no damage. You block the goblin's attack.
You block Ijyb's attack.
You closely miss Ijyb.
The goblin hits you but does no damage. x2
Ijyb zaps a wand.
You suddenly lose the ability to move!
The goblin hits you but does no damage. x2; Ijyb hits you but does no damage.
The goblin hits you but does no damage. The goblin hits you with a +0 dagger.
Ijyb hits you but does no damage.
The goblin hits you but does no damage. x2; Ijyb hits you but does no damage.
You feel less wooden. The goblin barely misses you.
The goblin hits you with a +0 dagger. Ijyb hits you with a +0 dagger.
The goblin hits you with a +0 dagger. x2
* * * LOW HITPOINT WARNING * * *
Ijyb hits you with a +0 dagger.
* * * LOW HITPOINT WARNING * * *
You can move again.
You aren't carrying any potions.
You aren't carrying any scrolls.
You closely miss Ijyb. Your grab misses Ijyb.
The goblin hits you but does no damage. The goblin misses you.
You block Ijyb's attack.
You hit Ijyb. You grab Ijyb.
Ijyb is lightly wounded.
You constrict Ijyb, but do no damage. The goblin completely misses you.
You block the goblin's attack. Ijyb hits you with a +0 dagger.
You die...

#.. .<#.# #.# #.#.#
#.#####.#.#
#.##...#..##########
#####.##.##.#...........
##...........###.......#
.......†.....# #.......#
##..#####.#### #8g....8#
..........# #@gg....#
##...#.#..# #8g....8#
#........# #.......#
#.#.#.#..# #8.....8#
#.#..[...# #..)....#
#.##..##.# #8.....8#
##.##.###.# #..?.!..#
..........# #########
...(......#


You could see Ijyb, a hobgoblin and 2 goblins.

Vanquished Creatures
  3 adders (D:2)
  3 ball pythons (D:2)
  A bat (D:2)
  2 endoplasms (D:2)
  A giant cockroach (D:2)
  4 goblins (D:2)
  3 jackals (D:2)
  2 quokkas (D:2)
  A frilled lizard (D:2)
  5 rats (D:2)
25 creatures vanquished.

Notes
Turn   | Place    | Note
-------+----------+-------------------------------------------
     0 | D:1      | zeram the Octopode Enchanter began the quest for the Orb.
     0 | D:1      | Reached XP level 1. HP: 11/11 MP: 3/3
    11 | D:1      | You fall into a shaft and drop 1 floor!
   160 | D:2      | Reached XP level 2. HP: 17/17 MP: 5/5
   426 | D:2      | Reached XP level 3. HP: 11/21 MP: 6/6
   986 | D:2      | Found a faded altar of an unknown god.
  1230 | D:2      | Noticed Ijyb
  1252 | D:2      | Paralysed by Ijyb for 2 turns
  1263 | D:2      | Paralysed by Ijyb for 5 turns
  1268 | D:2      | HP: 1/21 [Ijyb (5)]
  1270 | D:2      | Slain by Ijyb

Illustrated notes

Levels and vault maps discovered:
D:1:      dpeg_arrival_water_temple_mockup, layout_basic, minmay_close_crescents
D:2:      kennysheep_the_goblin_king, layout_loops_ring,
          shapermc_ecumenical_altar_notcrosses, minmay_surrounded

Action                   || total
-------------------------++-------
Melee: Dagger            ||    78
       Tentacles         ||     6
       Constrict         ||    11
  Use: Scroll            ||     4
       Potion            ||     1
 Stab: Sleeping          ||     8
Armor: Skin              ||    64
Dodge: Dodged            ||    29
Block: Other             ||    23
